 Dungeon Crawl Stone Soup version 0.17.0-55-g1383181 (webtiles) character file.

229 PossumBlood the Conjurer (level 5, -2/31 HPs)
             Began as a High Elf Wizard on Dec 4, 2015.
             Slain by an orc
             ... wielding a +0 short sword
              (3 damage)
             ... on level 3 of the Dungeon.
             The game lasted 00:16:07 (3716 turns).

PossumBlood the Conjurer (High Elf Wizard)          Turns: 3716, Time: 00:16:07

Health: -2/31      AC:  2    Str:  6    XL:     5   Next: 71%
Magic:  3/13       EV: 12    Int: 27    God:
Gold:   112        SH:  0    Dex: 14    Spells: 4 memorised, 6 levels left

rFire  . . .     SeeInvis .     h - +0 short sword
rCold  . . .     Clarity  .     a - +0 robe
rNeg   . . .     SustAt   .     (no shield)
rPois  .         Gourm    .     b - +0 hat
rElec  .         Spirit   .     (no cloak)
rCorr  .         Warding  .     (no gloves)
rMut   .         Stasis   .     (no boots)
MR     .....                    (no amulet)
Stlth  ++........               (no ring)
                                d - ring of wizardry

@: brilliant, not resistant to hostile enchantments, unstealthy
A: no striking features
a: no special abilities


You were on level 3 of the Dungeon.
You were hungry.

You visited 1 branch of the dungeon, and saw 3 of its levels.

You collected 112 gold pieces.

Inventory:

Hand Weapons
 h - a +0 short sword (weapon)
Armour
 a - a +0 robe (worn)
 b - a +0 hat (worn)
Jewellery
 d - a ring of wizardry (left hand)
Scrolls
 e - 3 scrolls of identify
 j - a scroll of recharging
 l - 2 scrolls of teleportation
 p - 2 scrolls of remove curse
Potions
 f - 2 potions of brilliance
 g - a potion of resistance {unknown}
 k - a potion of poison {unknown}
 o - a potion of heal wounds {unknown}
 r - a potion of agility {unknown}
Books
 c - a book of Minor Magic

   Spells                             Type                      Level
   a - Magic Dart                     Conjuration                  1
   b - Blink                          Translocation                2
   c - Call Imp                       Summoning                    2
   d - Repel Missiles                 Charms/Air                   2
   e - Slow                           Hexes                        2
   f - Conjure Flame                  Conjuration/Fire             3
   g - Mephitic Cloud                 Conjuration/Poison/Air       3
Comestibles
 m - a meat ration
 n - a slice of pizza
 q - a bread ration


   Skills:
 - Level 2.1 Dodging
 - Level 2.1 Stealth
 + Level 5.0 Spellcasting
 + Level 5.3 Conjurations
   Level 0.8 Summonings
 - Level 1.1 Translocations


You had 6 spell levels left.
You knew the following spells:

 Your Spells              Type           Power        Failure   Level  Hunger
a - Magic Dart            Conj           ####         1%          1    None
b - Slow                  Hex            ###.....     1%          2    None
c - Blink                 Tloc           N/A          1%          2    None
d - Mephitic Cloud        Conj/Pois/Air  ####....     1%          3    #......


Dungeon Overview and Level Annotations

Branches:
Dungeon (3/15)

Altars:
Elyvilon

Annotations:
D:3 seesque's ghost, amateur HuBe


Message History

Casting: Magic Dart
Confirm with . or Enter, or press ? or * to list all spells.
Aiming: Magic Dart
Press: ? - help, Shift-Dir - straight line, f/p - orc
Aim: an orc, wielding a short sword and wearing a ring mail (heavily wounded)
The magic dart hits the orc.
The orc is almost dead.
The orc shouts!
Something hits you.
* * * LOW HITPOINT WARNING * * *
The orc hits you with a short sword.
* * * LOW HITPOINT WARNING * * *
Unknown command.
Drink which item? (? for menu, Esc to quit)
It was a potion of brilliance.
You feel clever all of a sudden. Something hits you.
* * * LOW HITPOINT WARNING * * *
The orc hits you with a short sword.
You die...

###.#.###.# #.#
###...#...#.### #.#
..†.#####.....####.#
###...#...#........#
###.#.###).(######
#...# #.o.# # #####
#...#### # #....o.#
# #..###@# # #..#
#.#
###########..###.#
.........<.......#
...#######..######
...# #).#
##########..#
.........#
#######.##


You could see 2 orcs.

Vanquished Creatures
  A giant frog (D:3)
  An orc priest (D:3)
  An orc wizard (D:3)
  2 adders (D:2)
  2 oozes (D:2)
  3 worms
  2 giant geckos
  5 orcs (D:3)
  2 giant cockroaches
  9 hobgoblins
  7 kobolds
  7 bats
  5 giant newts
  6 goblins
  5 jackals
  7 rats
65 creatures vanquished.

Notes
Turn   | Place    | Note
--------------------------------------------------------------
     0 | D:1      | PossumBlood the High Elf Wizard began the quest for the Orb.
     0 | D:1      | Reached XP level 1. HP: 11/11 MP: 6/6
   405 | D:1      | Reached XP level 2. HP: 9/17 MP: 0/7
  1408 | D:2      | Learned a level 2 spell: Slow
  1411 | D:2      | Learned a level 2 spell: Blink
  1474 | D:2      | Reached skill level 4 in Spellcasting
  1483 | D:2      | Reached XP level 3. HP: 21/21 MP: 0/9
  1634 | D:2      | Found a white marble altar of Elyvilon.
  2112 | D:2      | Reached XP level 4. HP: 27/27 MP: 2/11
  2232 | D:3      | Noticed a giant frog
  2238 | D:3      | Killed a giant frog
  2238 | D:3      | Reached XP level 5. HP: 18/31 MP: 5/12
  2369 | D:3      | Learned a level 3 spell: Mephitic Cloud
  2910 | D:3      | Reached skill level 5 in Conjurations
  3001 | D:3      | Noticed seesque's ghost (amateur HuBe)
  3128 | D:3      | HP: 1/31 [seesque's ghost (7)]
  3696 | D:3      | Reached skill level 5 in Spellcasting
  3716 | D:3      | HP: 1/31 [something (4)]
  3716 | D:3      | Slain by an orc

Action                   |  1- 3 |  4- 6 || total
-------------------------+-------+-------++-------
Melee: Short sword       |    10 |     2 ||    12
 Cast: Magic Dart        |   106 |    84 ||   190
       Blink             |     1 |     1 ||     2
       Mephitic Cloud    |       |     3 ||     3
       Slow              |       |     2 ||     2
  Use: Scroll            |     7 |     3 ||    10
       Potion            |       |     1 ||     1
  Eat: Bread ration      |     1 |       ||     1
       Royal jelly       |       |     1 ||     1
       Beef jerky        |       |     1 ||     1
